 Dungeon Crawl Stone Soup version 0.19.1 (webtiles) character file.

92 JeffiDaFish the Shield-Bearer (level 4, -1/29 HPs)
             Began as a Gargoyle Fighter on Nov 27, 2016.
             Slain by an orc priest (4 damage)
             ... on level 3 of the Dungeon.
             The game lasted 00:04:58 (1667 turns).

JeffiDaFish the Shield-Bearer (Gargoyle Fighter)    Turns: 1667, Time: 00:04:59

Health: -1/29      AC: 13    Str: 19    XL:     4   Next: 60%
Magic:  4/4        EV:  7    Int:  9    God:
Gold:   137        SH:  9    Dex: 10    Spells: 0 memorised, 3 levels left

rFire  . . .     SeeInvis .     a - +0 flail
rCold  . . .     Gourm    .     b - +0 scale mail
rNeg   + . .     Faith    .     c - +0 shield
rPois  ∞         Spirit   .     (no helmet)
rElec  +         Reflect  .     (no cloak)
rCorr  .         Harm     .     l - +2 pair of gloves
MR     .....                    (no boots)
Stlth  ..........               (no amulet)
                                (no ring)
                                (no ring)

@: no status effects
A: negative energy resistance 1, electricity resistance, unbreathing,
petrification resistance, rot immunity, AC +3
a: no special abilities


You were on level 3 of the Dungeon.
You were hungry.

You visited 1 branch of the dungeon, and saw 3 of its levels.

You collected 137 gold pieces.

Inventory:

Hand Weapons
 a - a +0 flail (weapon)
Armour
 b - a +0 scale mail (worn)
 c - a +0 shield (worn)
 l - a +2 pair of gloves (worn)
Wands
 i - a wand of teleportation (4/9)
Scrolls
 j - a scroll of teleportation
Potions
 d - a potion of might
 e - a potion of brilliance
Books
 k - a book of Cantrips

   Spells                             Type                      Level
   a - Confusing Touch                Hexes                        1
   b - Animate Skeleton               Necromancy                   1
   c - Summon Small Mammal            Summoning                    1
   d - Apportation                    Translocation                1
Comestibles
 f - a bread ration
 g - a fruit
 h - a beef jerky
 m - a meat ration


   Skills:
 + Level 3.7 Fighting
 + Level 3.1 Maces & Flails
 + Level 3.9 Armour
 + Level 0.4 Dodging
 + Level 0.2 Stealth
 + Level 3.9 Shields


You had 3 spell levels left.
You didn't know any spells.

Dungeon Overview and Level Annotations

Branches:
Dungeon (3/15)

Altars:
Nemelex Xobeh


Innate Abilities, Weirdness & Mutations

You are resistant to torment.
Your stone body is resilient. (AC +3)
You are immune to poison.
You resist negative energy. (rN+)
You are resistant to electric shocks. (rElec)
You can survive without breathing.
You are immune to petrification.
You are immune to rotting.


Message History

You block the frilled lizard's attack.
You sock the orc!
You kill the orc!
The frilled lizard closely misses you.
You sock the orc!
You kill the orc!
The orc priest invokes the aid of Beogh against you.
Beogh smites you!
* * * LOW HITPOINT WARNING * * *
The frilled lizard barely misses you. The frilled lizard bites you.
* * * LOW HITPOINT WARNING * * *
You barely miss the orc priest. You block the orc priest's attack.
The frilled lizard bites you but does no damage.
The orc priest closely misses you.
You hit the orc priest but do no damage.
You block the frilled lizard's attack.
The ball python bites you but does no damage.
The ball python barely misses you. The orc priest hits you.
You die...

$. ...).#
#.#.....#
#.......##
.o.......
#oS....# #.#
####.######
#....l....#
#....o@...#
#....S....#
#.........#
#.......[.#
#.........#
#.........#
#.........#
#.......>.#
#######'###.#


You could see an orc priest, a ball python and a frilled lizard.

Vanquished Creatures
  Jessica (D:3)
  2 adders
  2 oozes (D:1)
  A dart slug (D:1)
  2 orcs (D:3)
  2 giant cockroaches (D:1)
  3 goblins
  5 hobgoblins
  3 kobolds
  A quokka (D:2)
  6 bats
  A frilled lizard (D:2)
  5 rats
34 creatures vanquished.

Notes
Turn   | Place    | Note
-------+----------+-------------------------------------------
     0 | D:1      | JeffiDaFish the Gargoyle Fighter began the quest for the Orb.
     0 | D:1      | Reached XP level 1. HP: 14/14 MP: 1/1
    59 | D:1      | Reached XP level 2. HP: 15/19 MP: 2/2
   511 | D:1      | Reached XP level 3. HP: 22/24 MP: 3/3
  1243 | D:2      | Found a sparkling altar of Nemelex Xobeh.
  1433 | D:3      | Reached XP level 4. HP: 8/29 MP: 4/4
  1633 | D:3      | Noticed Jessica
  1637 | D:3      | Killed Jessica
  1667 | D:3      | Slain by an orc priest

Skill      XL: |  1  2  3 |
---------------+----------+-----
Maces & Flails | 3 |  3.1
Fighting       | |  3.7
Armour         | |  3.9
Dodging        | |  0.4
Stealth        | |  0.2
Shields        | |  3.9

Action                   |  1- 3 |  4- 6 || total
-------------------------+-------+-------++-------
Melee: Flail             |   114 |    19 ||   133
  Use: Scroll            |     8 |       ||     8
       Potion            |     3 |       ||     3
  Eat: Chunk             |     2 |       ||     2
Armor: Scale mail        |    88 |    11 ||    99
Dodge: Dodged            |    43 |    13 ||    56
Block: Shield            |    64 |    12 ||    76
